 Dungeon Crawl Stone Soup version 0.29.1 (webtiles) character file.

Game seed: 17802242314870439445

127125 dwormar the Demonologist (level 17, -8/109 HPs)
             Began as a Barachi Summoner on Sept 10, 2022.
             Was a High Priest of Makhleb.
             Killed from afar by a deep elf knight (20 damage)
             ... with a shard of ice
             ... on level 2 of the Elven Halls on Sept 12, 2022.
             The game lasted 08:46:08 (42445 turns).

dwormar the Demonologist (Barachi Summoner)        Turns: 42445, Time: 08:46:08

Health: -8/109     AC: 17    Str: 12    XL:     17   Next: 0%
Magic:  31/49      EV: 24    Int: 24    God:    Makhleb [*****.]
Gold:   1605       SH: 16    Dex: 16    Spells: 25/54 levels left

rFire   . . .      SeeInvis .   (no weapon)
rCold   + . .      Faith    .   Z - +2 tower shield
rNeg    + + .      Spirit   .   x - +0 swamp dragon scales
rPois   +          Reflect  .   n - +0 helmet
rElec   +          Harm     .   H - +0 cloak
rCorr   .          Rampage  .   S - +1 pair of gloves
Will    +....      Rage     3%  e - +3 pair of boots of Duck's Teeth {rElec rC+ rN++ Slay-4}
Stlth   ++........              Q - amulet of the acrobat
HPRegen 0.28/turn               W - ring of magical power
MPRegen 0.31/turn               m - +6 ring of intelligence

@: acrobatic, invisible (expiring), slow
A: amphibious, slowness 1, strong legs 2, +LOS, berserk 1
a: Hop, Renounce Religion, Minor Destruction, Lesser Servant of Makhleb, Major
Destruction, Greater Servant of Makhleb


You were on level 2 of the Elven Halls.
You worshipped Makhleb.
Makhleb was extremely pleased with you.
You visited 7 branches of the dungeon, and saw 27 of its levels.
You also visited: Ossuary.

You collected 2725 gold pieces.
You spent 1120 gold pieces at shops.

Inventory:

Missiles
 c - 13 poisoned darts
 i - a silver boomerang
 B - 6 atropa-tipped darts
 C - a throwing net
 I - 14 boomerangs
Armour
 e - the +3 pair of boots of Duck's Teeth (worn) {rElec rC+ rN++ Slay-4}
   (You acquired it on level 3 of the Dungeon)

   Slay:      It affects your accuracy & damage with ranged weapons and melee
   (-4).
   rC:        It protects you from cold.
   rElec:     It insulates you from electricity.
   rN:        It greatly protects you from negative energy.
 n - a +0 helmet (worn)
 w - a +2 kite shield
 x - +0 swamp dragon scales (worn)
 H - a +0 cloak (worn)
 N - +0 ice dragon scales
 S - a +1 pair of gloves (worn)
 Z - a +2 tower shield (worn)
Jewellery
 g - a ring of fire
 l - a ring of poison resistance
 m - a +6 ring of intelligence (right hand)
 Q - an amulet of the acrobat (around neck)
 W - a ring of magical power (left hand)
Wands
 d - a wand of flame (36) (quivered)
 h - a wand of charming (21)
 D - a wand of iceblast (14)
 K - a wand of digging (11)
 T - a wand of polymorph (3)
 X - a wand of light (7)
Scrolls
 f - 3 scrolls of fog
 y - 2 scrolls of amnesia
 G - 2 scrolls of fear
 J - 6 scrolls of teleportation
 L - a scroll of magic mapping
 M - a scroll of brand weapon
 O - a scroll of acquirement
 P - 2 scrolls of poison
 Y - a scroll of enchant weapon
Potions
 j - 5 potions of flight
 k - 2 potions of cancellation
 o - 7 potions of curing
 q - 3 potions of resistance
 r - 4 potions of mutation
 s - a potion of heal wounds
 t - 7 potions of haste
 z - 4 potions of brilliance
 A - a potion of lignification
 E - 4 potions of invisibility
 R - 6 potions of ambrosia
Miscellaneous
 b - a phantom mirror
 F - a phial of floods
 V - a tin of tremorstones (2/2)


   Skills:
 + Level 3.1 Fighting
 + Level 2.1 Throwing
 + Level 5.5 Armour
 + Level 5.9 Dodging
 + Level 4.6 Stealth
 + Level 4.7 Shields
 + Level 19.3 Spellcasting
 + Level 3.7 Hexes
 + Level 21.7 Summonings
 + Level 9.1 Ice Magic
 + Level 5.3 Air Magic
 + Level 2.7 Invocations
 + Level 0.5 Evocations


You had 25 spell levels left.
You knew the following spells:

 Your Spells              Type           Power      Damage    Failure   Level
a - Summon Small Mammal   Summ           100%       N/A       0%          1
b - Call Imp              Summ           91%        N/A       0%          2
c - Call Canine Familiar  Summ           91%        N/A       1%          3
d - Summon Guardian Gole  Hex/Summ       71%        N/A       1%          3
e - Summon Ice Beast      Ice/Summ       77%        N/A       1%          4
f - Summon Lightning Spi  Summ/Air       73%        N/A       1%          4
g - Frozen Ramparts       Ice            100%       1d16      3%          3
h - Ensorcelled Hibernat  Hex/Ice        100%       N/A       4%          2
i - Summon Hydra          Summ           45%        N/A       5%          7

Your spell library contained the following spells:

 Spells                   Type           Power      Damage    Failure   Level
 Swiftness                Air            48%        N/A       16%         3
 Sandblast                Erth           46%        2d11      43%         1
 Passwall                 Tmut/Erth      19%        N/A       58%         2
 Sublimation of Blood     Necr           23%        N/A       58%         2
 Wereblood                Tmut           23%        N/A       58%         2
 Ice Form                 Ice/Tmut       45%        N/A       58%         4
 Stone Arrow              Conj/Erth      46%        3d9       82%         3
 Leda's Liquefaction      Hex/Erth       16%        N/A       91%         4
 Corpse Rot               Necr/Pois/Air  31%        N/A       92%         4
 Dispel Undead            Necr           23%        3d12      99%         4
 Alistair's Intoxication  Tmut/Pois      15%        N/A       100%        5
 Borgnjor's Vile Clutch   Necr/Erth      11%        N/A       100%        5
 Fireball                 Conj/Fire      11%        3d7       100%        5
 Iskenderun's Battlesphe  Conj           23%        2d8       100%        5
 Lee's Rapid Deconstruct  Erth           11%        3d9*      100%        5
 Conjure Ball Lightning   Conj/Air       17%        3x3d6     100%        6
 Death Channel            Necr           11%        N/A       100%        6
 Dispersal                Tloc           11%        N/A       100%        6
 Eringya's Noxious Bog    Tmut/Pois      11%        N/A       100%        6
 Statue Form              Tmut/Erth      15%        N/A       100%        6
 Orb of Destruction       Conj           11%        9d6       100%        7
 Disjunction              Tloc           11%        N/A       100%        8


Dungeon Overview and Level Annotations

Branches:
Dungeon (15/15)            Temple (1/1) D:4            Lair (5/5) D:10
  Swamp (0/4) Lair:3       Spider (1/4) Lair:2        Slime (0/5) Lair:5
    Orc (2/2) D:12            Elf (2/3) Orc:2        Vaults (0/5) D:14
 Depths (1/4) D:15        Ossuary (visited)

Altars:
Ashenzari
Cheibriados
Dithmenos
Elyvilon
Fedhas
Gozag
Hepliaklqana
Kikubaaqudgha
Makhleb
Nemelex Xobeh
Okawaru
Qazlal
Ru
Sif Muna
Trog
Uskayaw
Vehumet
Wu Jian
Xom
Yredelemnul
Zin
The Shining One
Jiyva
Lugonu

Shops:
D:5 *[*((   D:6 ([   D:7 !   Orc:2 ([[*   Elf:1 !*!([

Portals:
Abyss: Lair:5

Annotations:
D:12 3 runed translucent doors, exclusion: 3 doors
D:14 3 runed translucent doors, exclusion: 3 doors
Lair:5 exclusion: 3 oklob plants
Elf:2 3 runed translucent doors


Innate Abilities, Weirdness & Mutations

You are amphibious.
You cover ground slowly.
You can hop long distances.
You have an extended range of vision and can be seen from far away.
You sometimes lose your temper in combat.


Message History

The bolt of electricity hits the deep elf knight!
As you read the scroll of fear, it crumbles to dust.
You assume a fearsome visage.
The deep elf knight looks frightened!
The deep elf knight gestures wildly while chanting.
The deep elf knight flickers and vanishes!
Deactivating autopickup; reactivate with Ctrl-A.
You cannot move.
Your magical effects are unravelling.
You feel magically purged.
You feel less wooden.
Your +0 cloak unmelds from your body.
Your +0 helmet unmelds from your body.
Your +1 pair of gloves unmelds from your body.
The +3 pair of boots of Duck's Teeth {rElec rC+ rN++ Slay-4} unmelds from your body.
Your +0 swamp dragon scales unmelds from your body.
Aiming: Throw Flame
Press: ? - help, Q - select action, (/) - cycle Shift-Dir - straight line, f - deep elf knight
Aim: a deep elf knight, wielding a +0 short sword and wearing a +0 ring mail (fire blocked by a runed translucent door, 45% to hit)
There's something in the way.
Okay, then.
You fade into invisibility!
You are confused.
You feel invigorated.
You feel less invigorated.
You feel less confused.
Your lightning spire disappears in a puff of smoke!
You hear some strange, mumbled words.
A shard of ice appears from out of thin air!
The shard of ice hits your neqoxec!!!
Your neqoxec dies!
Your neqoxec disappears in a puff of smoke!
You flicker for a moment.
Something closely misses you. Something hits you.
* * * LOW HITPOINT WARNING * * *
Something hits you!
* * * LOW HITPOINT WARNING * * *
You hear some strange, mumbled words.
A shard of ice appears from out of thin air!
The shard of ice hits you!! You partially resist.
You die...

....^# #........ ...... .....#
#.......## .⌠..... .....##
##........## ....... ......#
#..........## ....... .....#
#..........# ....... .....#
#.....)....##ee...⌠. .....##
##....)).....+(e..... ......#
#..........).++##### .e...#
#......@.)....### .....#
#....5..........# .....#
#....{..(........# ......#
#.........)........#
...........................^(.
..............................
..............................
..###.........................
.## #........................


You could see 2 deep elf knights, a deep elf zephyrmancer (unable to see you), a
+5 dagger (unable to see you) and a friendly crimson imp (summoned).

Vanquished Creatures
  A boulder beetle (D:15)
  A deep elf pyromancer (Elf:1)
  A deep elf zephyrmancer (Elf:1)
  An air elemental (Elf:1)
  An orc warrior (D:3)
  An ogre (Orc:2)
  A frilled lizard (D:1)
7 creatures vanquished.

Vanquished Creatures (collateral kills)
  Rupert (D:12)
  Gastronok (Lair:3)
  A very ugly thing (Depths:1)
  Louise (D:15)
  An entropy weaver (shapeshifter) (Lair:5)
  A deep elf death mage (Elf:2)
  A fire dragon (D:15)
  3 centaur warriors
  7 boulder beetles
  9 hydras
  2 ogre magi (Orc:2)
  A two-headed ogre (shapeshifter) (D:12)
  12 death yaks
  2 tengu warriors
  10 two-headed ogres
  6 dancing weapons
  4 thrashing horrors (Lair:5)
  4 deep elf knights
  A fire crab (Lair:4)
  Nergalle (D:11)
  3 skeletal warriors (D:15)
  2 deep trolls (Orc:2)
  2 wizards (D:15)
  2 lindwurms (Lair:5)
  2 deep elf archers
  7 deep elf zephyrmancers
  A mana viper (shapeshifter) (Lair:5)
  7 cyclopes
  An orc sorcerer (Orc:1)
  15 ugly things
  17 deep elf pyromancers
  2 manticores
  3 black mambas
  4 elephants (Lair:3)
  14 cane toads
  2 torpor snails
  A smoke demon (Lair:5)
  Maggie (Lair:2)
  An unseen horror (D:9)
  3 rime drakes
  A kobold demonologist (D:11)
  An efreet (D:14)
  10 komodo dragons
  A queen bee (Lair:1)
  4 ancient zymes (Lair:5)
  A polar bear (shapeshifter) (Lair:5)
  4 polar bears
  15 trolls
  A tyrant leech (Lair:3)
  5 slime creatures
  29 blink frogs
  5 dream sheep
  2 large abominations (Lair:5)
  3 air elementals
  2 water elementals
  Sigmund (D:3)
  A vampire (D:14)
  A ynoxinul (Lair:5)
  A shadow (D:11)
  A spriggan (Lair:5)
  3 wyverns
  33 yaks
  A wraith (D:13)
  11 basilisks
  Grum (D:10)
  A fire elemental (Elf:1)
  10 vampire mosquitoes
  A swamp worm (Lair:3)
  Menkaure (Ossuary)
  2 steam dragons (D:8)
  2 wargs
  A swamp worm (shapeshifter) (D:15)
  10 small abominations (Lair:5)
  2 acid dragons (D:10)
  A water moccasin (shapeshifter) (Lair:5)
  15 water moccasins
  A swamp drake (D:12)
  13 orc warriors
  A sky beast (D:6)
  3 ice beasts
  3 black bears
  21 ogres
  3 boggarts (D:15)
  9 centaurs
  11 wolves
  An elf zombie (Ossuary)
  13 bullfrogs
  7 nameless horrors
  A necrophage (D:6)
  4 scorpions (Lair:2)
  10 wights
  32 killer bees
  9 electric eels
  8 howler monkeys
  A human zombie (Ossuary)
  11 orc priests
  A centaur zombie (Ossuary)
  2 hounds
  A jelly (D:5)
  5 iguanas
  Crazy Yiuf (D:7)
  20 orc wizards
  4 ogre zombies (Ossuary)
  6 mummies (Ossuary)
  3 gnolls (D:5)
  4 adders
  A shadow imp (D:7)
  A white imp (D:7)
  2 ufetubi (D:6)
  4 adder zombies (Ossuary)
  3 worms
  5 dart slugs
  60 orcs
  9 ball pythons
  4 endoplasms
  6 giant cockroaches
  12 goblins
  8 hobgoblins
  4 jackals (D:5)
  A quokka (D:3)
  3 training dummies (D:6)
  5 bats
  3 frilled lizards
  4 goblin zombies (Ossuary)
  4 hobgoblin zombies (Ossuary)
  15 kobolds
  4 kobold zombies (Ossuary)
  5 quokka zombies (Ossuary)
  5 rats
  2 rat zombies (Ossuary)
722 creatures vanquished.

Vanquished Creatures (others)
  An ettin (D:14)
  2 ice dragons
  A hydra (D:9)
  A two-headed ogre (D:8)
  A centaur warrior (D:14)
  A death yak (Lair:5)
  A pharaoh ant (Lair:2)
  4 ugly things
  2 trolls (D:12)
  2 blink frogs (Lair:5)
  6 yaks
  A basilisk (Lair:5)
  3 vampire mosquitoes (D:10)
  A steam dragon (D:8)
  A floating eye (shapeshifter) (D:14)
  A small abomination (Lair:5)
  5 killer bees
  2 orcs (D:12)
  44 fungi
  33 plants
113 creatures vanquished.

Grand Total: 842 creatures vanquished

Notes
Turn   | Place    | Note
-------+----------+-------------------------------------------
     0 | D:1      | dwormar the Barachi Summoner began the quest for the Orb.
     0 | D:1      | Reached XP level 1. HP: 13/13 MP: 3/3
   128 | D:1      | Reached skill level 5 in Summonings
   312 | D:1      | Reached XP level 2. HP: 16/19 MP: 3/5
   315 | D:1      | Learned a level 2 spell: Call Imp
  1115 | D:2      | Found a faded altar of an unknown god.
  1146 | D:2      | Prayed at the altar of an unknown god.
  1146 | D:2      | Became a worshipper of Makhleb the Destroyer
  1146 | D:2      | Reached * piety under Makhleb
  1246 | D:2      | Reached XP level 3. HP: 24/24 MP: 6/6
  2016 | D:3      | Identified a scroll of acquirement
  2016 | D:3      | Acquired the +3 pair of boots of Duck's Teeth {rElec rC+
                  | rN++ Slay-4}
  2043 | D:3      | Noticed Sigmund
  2069 | D:3      | Found an iron altar of Okawaru.
  2200 | D:3      | Learned a level 3 spell: Call Canine Familiar
  2780 | D:4      | Found a sparkling altar of Nemelex Xobeh.
  2871 | D:4      | Reached XP level 4. HP: 27/30 MP: 4/8
  2951 | D:4      | Identified the +1 whip "Deestiqa" {spect, rC+}
  2993 | D:4      | Reached ** piety under Makhleb
  2994 | D:4      | Reached skill level 6 in Summonings
  2994 | D:4      | Reached XP level 5. HP: 14/35 MP: 5/10
  3251 | D:3      | Reached skill level 1 in Fighting
  3473 | D:4      | Found a staircase to the Ecumenical Temple.
  3590 | D:4      | Found a radiant altar of Vehumet.
  3614 | D:4      | Reached XP level 6. HP: 34/43 MP: 4/12
  3722 | D:4      | Reached skill level 7 in Summonings
  3829 | D:4      | Found an ornate altar of the Wu Jian Council.
  4102 | D:4      | Noticed an orc warrior
  4162 | D:3      | Killed an orc warrior
  4163 | D:3      | Reached skill level 1 in Armour
  4163 | D:3      | Reached skill level 5 in Spellcasting
  4163 | D:3      | Reached XP level 7. HP: 2/48 MP: 6/14
  4585 | D:3      | Reached skill level 1 in Invocations
  5246 | D:5      | Entered Level 5 of the Dungeon
  5344 | D:5      | Found Uconkat's General Store.
  5345 | D:5      | Found Noipaol's Armour Emporium.
  5346 | D:5      | Found Motiac's Assorted Antiques.
  5348 | D:5      | Found Erghoize's Weapon Emporium.
  5348 | D:5      | Found Wemnetz's Antique Weapon Boutique.
  5378 | D:5      | Reached skill level 1 in Throwing
  5591 | D:5      | Bought 2 potions of heal wounds for 270 gold pieces
  5671 | D:5      | Reached *** piety under Makhleb
  5742 | D:5      | Reached skill level 8 in Summonings
  5742 | D:5      | Reached XP level 8. HP: 54/54 MP: 16/16
  6025 | D:5      | Found a faded altar of an unknown god.
  6025 | D:5      | Found a faded altar of an unknown god.
  6026 | D:5      | Found a faded altar of an unknown god.
  6027 | D:5      | Found a hazy altar of Hepliaklqana.
  6143 | D:5      | Found a blossoming altar of Fedhas.
  6635 | D:3      | Killed Sigmund
  6816 | D:6      | Found Xiot's Antique Armour Shop.
  7096 | D:6      | Reached skill level 9 in Summonings
  7231 | D:6      | Found Xyetud's Firing Range.
  7555 | D:5      | Reached skill level 1 in Shields
  7555 | D:5      | Reached XP level 9. HP: 48/59 MP: 16/20
  7730 | D:6      | Found an opulent altar of Gozag.
  8298 | D:7      | Found Ywkyso's Distillery.
  8912 | D:7      | Reached skill level 10 in Summonings
  9012 | D:7      | Found a runed translucent door.
  9013 | D:7      | Noticed Crazy Yiuf
  9463 | D:7      | Learned a level 3 spell: Summon Guardian Golem
  9703 | D:7      | Killed Crazy Yiuf
  9791 | D:8      | Found a sand-covered staircase.
  9797 | Ossuary  | Entered an ossuary
  9930 | Ossuary  | Reached **** piety under Makhleb
 10184 | Ossuary  | Noticed Menkaure
 10195 | Ossuary  | Killed Menkaure
 10473 | D:8      | Reached skill level 11 in Summonings
 10579 | D:8      | Reached XP level 10. HP: 59/65 MP: 20/23
 10795 | D:8      | Reached ***** piety under Makhleb
 10859 | D:8      | Reached skill level 10 in Spellcasting
 11022 | D:8      | Identified the +10 scimitar of Xeiqi {holy, +Blink Str-3
                  | Int+4}
 11149 | D:8      | Reached skill level 12 in Summonings
 11171 | D:8      | Noticed a two-headed ogre
 11585 | D:8      | Killed a two-headed ogre
 11821 | D:8      | Noticed a purple ugly thing
 11880 | D:8      | Killed a purple ugly thing
 11881 | D:8      | Reached skill level 1 in Hexes
 11881 | D:8      | Reached skill level 13 in Summonings
 12168 | D:9      | Noticed a tengu warrior
 12396 | D:9      | Found a shadowy altar of Dithmenos.
 12418 | D:9      | Reached XP level 11. HP: 58/71 MP: 16/26
 13253 | D:9      | Noticed a deep elf pyromancer
 13765 | D:9      | Learned a level 4 spell: Summon Ice Beast
 13770 | D:9      | Learned a level 4 spell: Summon Lightning Spire
 13926 | D:10     | Entered Level 10 of the Dungeon
 14433 | D:10     | Found a bloodstained altar of Trog.
 14477 | D:10     | Found a staircase to the Lair.
 14520 | D:10     | Reached skill level 14 in Summonings
 14796 | D:10     | Noticed Grum
 14803 | D:10     | Killed Grum
 14937 | D:10     | Found a snail-covered altar of Cheibriados.
 15595 | D:9      | Noticed a deep elf pyromancer
 15602 | D:9      | Killed a tengu warrior
 15603 | D:9      | Reached skill level 1 in Ice Magic
 15613 | D:9      | Killed a deep elf pyromancer
 15636 | D:9      | Noticed a six-headed hydra
 15659 | D:9      | Killed a six-headed hydra
 15818 | D:9      | Noticed a cyan ugly thing
 15826 | D:9      | Killed a cyan ugly thing
 15830 | D:9      | Killed a deep elf pyromancer
 15831 | D:9      | Reached skill level 15 in Summonings
 15831 | D:9      | Reached XP level 12. HP: 77/77 MP: 11/29
 16228 | D:11     | Noticed a six-headed hydra
 16236 | D:11     | Killed a six-headed hydra
 16258 | D:11     | Reached skill level 1 in Air Magic
 16328 | D:11     | Identified the +0 pair of boots of Distant Shores {rPois}
 16341 | D:11     | Noticed a two-headed ogre
 16359 | D:11     | Killed a two-headed ogre
 17026 | D:11     | Noticed a boulder beetle
 17121 | D:11     | Killed a boulder beetle
 17350 | D:11     | Noticed Nergalle
 17427 | D:11     | Killed Nergalle
 18171 | D:12     | Noticed a centaur warrior
 18171 | D:12     | Noticed a six-headed hydra
 18174 | D:12     | Noticed a five-headed hydra
 18313 | D:12     | Noticed Rupert
 18334 | D:12     | Noticed a boulder beetle
 18551 | Lair:1   | Entered Level 1 of the Lair of Beasts
 18948 | Lair:1   | Reached skill level 16 in Summonings
 19756 | Lair:2   | Gained mutation: You can hop long distances. [Barachi
                  | growth]
 19756 | Lair:2   | Reached XP level 13. HP: 82/82 MP: 24/31
 20237 | Lair:2   | Noticed Maggie
 20246 | Lair:2   | Killed Maggie
 20710 | Lair:2   | Found a hole to the Spider Nest.
 21431 | Lair:3   | Gained mutation: You sometimes lose your temper in combat.
                  | [a neqoxec]
 21566 | Lair:3   | Reached skill level 17 in Summonings
 21858 | Lair:3   | Found a staircase to the Swamp.
 22080 | Lair:3   | Reached skill level 15 in Spellcasting
 22239 | Spider:1 | Entered Level 1 of the Spider Nest
 22536 | D:12     | Killed Rupert
 22554 | D:12     | Reached skill level 5 in Ice Magic
 23367 | D:12     | Found a runed translucent gate.
 23367 | D:12     | Found a runed translucent gate.
 23369 | D:12     | Found a runed translucent gate.
 23598 | D:12     | Reached skill level 18 in Summonings
 23665 | D:12     | Found a staircase to the Orcish Mines.
 24219 | D:13     | Reached XP level 14. HP: 59/90 MP: 33/33
 24613 | D:13     | Reached ****** piety under Makhleb
 25502 | D:14     | Reached skill level 5 in Dodging
 25632 | D:14     | Found a runed translucent gate.
 25632 | D:14     | Found a runed translucent gate.
 25632 | D:14     | Found a runed translucent gate.
 26223 | D:14     | Found a gate to the Vaults.
 26530 | D:14     | Found a glowing golden altar of the Shining One.
 26876 | D:15     | Entered Level 15 of the Dungeon
 27015 | D:15     | Identified the +0 robe of Intuition {Will++ Archmagi}
 27047 | D:15     | Noticed Louise
 27071 | D:15     | Killed Louise
 27296 | D:15     | Reached skill level 19 in Summonings
 28154 | D:15     | Reached XP level 15. HP: 95/95 MP: 19/35
 28245 | D:15     | Found a staircase to the Depths.
 28588 | Depths:1 | Entered Level 1 of the Depths
 28604 | Depths:1 | Noticed a frost giant
 29270 | Lair:3   | Noticed Gastronok
 29281 | Lair:3   | Killed Gastronok
 29550 | Lair:3   | Found a sparkling altar of Nemelex Xobeh.
 30663 | Lair:4   | Reached skill level 20 in Summonings
 32393 | Lair:4   | Identified the +8 great sword of Pride {protect, Will+}
 32394 | Lair:4   | Identified the +6 sling of the Onslaught {vorpal, *Slow rF+
                  | rCorr Str+5}
 32524 | Lair:4   | Upgraded the game from 0.29.0-13-gc9e81de378 to
                  | 0.29.0-15-g675c0067aa
 32634 | Lair:5   | Entered Level 5 of the Lair of Beasts
 32920 | Lair:4   | Learned a level 3 spell: Frozen Ramparts
 32983 | Lair:4   | Reached skill level 5 in Armour
 33493 | Lair:5   | Learned a level 2 spell: Ensorcelled Hibernation
 33668 | Lair:5   | Identified the +6 trident of Conservatism {venom, rC+}
 33760 | Lair:5   | Learned a level 7 spell: Summon Hydra
 33850 | Lair:5   | Identified the +1 leather armour of the Nine Songs {rN+
                  | Dex+8}
 34229 | Lair:5   | Reached XP level 16. HP: 84/102 MP: 7/38
 34616 | Lair:5   | Found a viscous altar of Jiyva.
 35376 | Lair:5   | Found a staircase to the Slime Pits.
 36380 | Lair:5   | Found a corrupted altar of Lugonu.
 36380 | Lair:5   | Found a one-way gate to the infinite horrors of the Abyss.
 37015 | Temple   | Entered the Ecumenical Temple
 37496 | Orc:1    | Entered Level 1 of the Orcish Mines
 37902 | Orc:2    | Entered Level 2 of the Orcish Mines
 37902 | Orc:2    | Found Vaevymn's Armour Shoppe.
 37902 | Orc:2    | Found Aveqala's Antique Weapon Emporium.
 38170 | Orc:2    | Reached skill level 21 in Summonings
 38950 | Orc:2    | Found Daceirr's General Store.
 39211 | Orc:2    | Found Plog's Armour Shoppe.
 39215 | Orc:2    | Bought a scroll of fear for 48 gold pieces
 39215 | Orc:2    | Bought a scroll of teleportation for 36 gold pieces
 39215 | Orc:2    | Bought a scroll of teleportation for 36 gold pieces
 39215 | Orc:2    | Bought a scroll of blinking for 90 gold pieces
 39296 | Orc:2    | Found a staircase to the Elven Halls.
 39573 | Elf:1    | Entered Level 1 of the Elven Halls
 39987 | Elf:1    | Found Kigem's Assorted Antiques.
 40177 | Elf:1    | Found Dickuteo's Weapon Shoppe.
 40546 | Elf:1    | Paralysed by an air elemental for 1 turns
 41177 | Elf:1    | Found Biggoviv's Distillery.
 41185 | Elf:1    | Bought a potion of invisibility for 112 gold pieces
 41185 | Elf:1    | Bought 2 potions of invisibility for 224 gold pieces
 41340 | Elf:1    | Found Sasuc's Distillery.
 41343 | Elf:1    | Bought a potion of lignification for 57 gold pieces
 41343 | Elf:1    | Bought a potion of magic for 152 gold pieces
 41343 | Elf:1    | Bought a potion of heal wounds for 95 gold pieces
 41360 | Elf:1    | Found Ytosuvett's Armour Shop.
 41362 | Elf:1    | Paralysed by an air elemental for 1 turns
 41366 | Elf:1    | Paralysed by an air elemental for 1 turns
 41369 | Elf:1    | Paralysed by an air elemental for 1 turns
 41372 | Elf:1    | Paralysed by an air elemental for 1 turns
 41766 | Elf:1    | Reached skill level 5 in Air Magic
 41996 | Elf:1    | Upgraded the game from 0.29.0-15-g675c0067aa to 0.29.1
 42005 | Elf:2    | Paralysed by an air elemental for 1 turns
 42076 | Elf:2    | Paralysed by an air elemental for 1 turns
 42276 | Elf:2    | Found a runed translucent gate.
 42276 | Elf:2    | Found a runed translucent gate.
 42276 | Elf:2    | Found a runed translucent gate.
 42425 | Elf:2    | Reached XP level 17. HP: 54/109 MP: 4/40
 42431 | Elf:2    | HP: 2/163 [deep elf knight/shard of ice (43)]
 42445 | Elf:2    | Killed from afar by a deep elf knight

Illustrated notes

Levels and vault maps discovered:
D:1:      scummos_arrival_simple_fountains, layout_loops_ring, serial_glass,
          glass_columns_a, glass_columns_b
D:2:      layout_basic, chequers_ecumenical_altar_simple
D:3:      layout_loops_cross, mainiacjoe_overflow_paths, uniq_sigmund
D:4:      layout_basic, mainiacjoe_overflow_big_doors, amcnicky_altar_gilded,
          minmay_temple_entry_waves, st_stairs_5, minmay_goblin_outpost
D:5:      layout_basic, nicolae_hepliaklqana_ecumenical_no_more, fedhas_altar_4,
          hangedman_decor_diamond_cutter, nicolae_wooded_promenade
D:6:      layout_loops_corners, mainiacjoe_overflow_chevrons, serial_shops,
          nicolae_diamond_shop, hangedman_decor_clover_reticule,
          nicolae_shop_firing_range
D:7:      layout_gridville, serial_shops, nicolae_stop_n_shop_1,
          uniq_crazy_yiuf_cottage
D:8:      layout_loops_cross, nicolae_ossuary_entry_false_entrances,
          hangedman_minor_gate_pass
D:9:      minmay_tri_box, layout_loops_corners,
          nicolae_dithmenos_through_a_glass_darkly
D:10:     layout_basic, lightli_temple_of_fire, overflow_temple_1_default,
          lair_entry_dummy, uniq_grum
D:11:     layout_basic, minivault_4, uniq_nergalle
D:12:     layout_loops_cross, erik_orc_1,
          ploomutoo_gammafunk_ghost_potion_laboratory, minmay_joined_circles,
          uniq_rupert
D:13:     layout_rooms
D:14:     layout_gridville, david_vaults_4, kennysheep_cross_bottleneck,
          ploomutoo_gammafunk_ghost_potion_laboratory,
          nicolae_tso_swordbearing_angel
D:15:     grunt_enter_depths_hoard, layout_basic, minmay_misc_feat_rows,
          uniq_louise
Temple:   hellmonk_temple_flake
Lair:1:   layout_misc_corridors, special_room [special_room_bee],
          beast_lair_carwin_5
Lair:2:   layout_cellular_growth, nicolae_spider_entry_non_spiders, uniq_maggie
Lair:3:   layout_cave_pods, minmay_swamp_entry_worms, basic_altar,
          serial_bayou_shore_b, grunt_megastairs_4, uniq_gastronok
Lair:4:   nzn_winding_woodlands_stair_trap [nzn_winding_woodlands_5x15_zeroes,
          nzn_winding_woodlands_5x15_jagged,
          nzn_winding_woodlands_5x15_pathside_ponds,
          nzn_winding_woodlands_15x15_thick_spiral,
          nzn_winding_woodlands_5x15_pockets,
          nzn_winding_woodlands_5x15_default,
          nzn_winding_woodlands_5x15_crooked], layout_hall_layers,
          dreamdust_deal_with_the_devil, serial_bayou_shore_a
Lair:5:   hellmonk_lair_end_abyssal_woods, layout_cave_pods,
          minmay_slime_entry_oklob_enclosed, nicolae_lair_lindhole,
          grunt_megastairs_3, infiniplex_staircase_pool
Spider:1: layout_spider_delve, drop_trap, nicolae_spider_wall_of_niches,
          uniq_roxanne
Orc:1:    layout_caves
Orc:2:    st_orc_open, layout_caves
Elf:1:    minmay_elf_arrival_plus, layout_geoelf_grid, serial_shops, shop, shop,
          shop, shop, nicolae_shop_bloodbath_and_beyond,
          minmay_elf_crystal_hexagon
Elf:2:    nicolae_elf_blades_crystal_corner, layout_rooms, serial_shops,
          nicolae_shop_window_shopping, uniq_saint_roka
Depths:1: layout_basic, abyss_entry, grunt_hell_entry_dis_old,
          statue_in_the_mist_lemuel, slow_altar_1

Skill      XL: |  1  2  3  4  5  6  7  8  9 10 11 12 13 14 15 16 |
---------------+-------------------------------------------------+-----
Summonings     | 5 6 7 8 9 11 13 15 16 18 19 20 21 | 21.7
Spellcasting   | 3 4 5 7 9 11 13 14 15 16 18 19 | 19.3
Stealth        | 2 3 4 |  4.6
Fighting       | 1 2 3 |  3.1
Armour         | 1 2 3 4 5 |  5.5
Invocations    | 1 2 |  2.7
Throwing       | 1 2 |  2.1
Shields        | 1 2 3 4 |  4.7
Dodging        | 3 4 5 |  5.9
Hexes          | 1 2 3 |  3.7
Ice Magic      | 1 3 5 6 8 9 |  9.1
Air Magic      | 1 2 3 4 5 |  5.3
Evocations     | |  0.5

Action                   |  1- 3 |  4- 6 |  7- 9 | 10-12 | 13-15 | 16-18 || total
-------------------------+-------+-------+-------+-------+-------+-------++-------
Melee: Unarmed           |     1 |       |       |       |     1 |     1 ||     3
Throw: Dart              |       |       |     1 |     3 |    11 |    21 ||    36
       Boomerang         |       |       |       |       |     6 |     2 ||     8
 Cast: Summon Small Mamm |    24 |     8 |    69 |    78 |    74 |     7 ||   260
       Call Imp          |    26 |    13 |    34 |    53 |    97 |    35 ||   258
       Call Canine Famil |     5 |    15 |    46 |    83 |   130 |    72 ||   351
       Summon Guardian G |       |       |       |    37 |    30 |     2 ||    69
       Summon Ice Beast  |       |       |       |    33 |   160 |    74 ||   267
       Summon Lightning  |       |       |       |    11 |    73 |    49 ||   133
       Summon Hydra      |       |       |       |       |     7 |    45 ||    52
       Frozen Ramparts   |       |       |       |       |     1 |     4 ||     5
       Ensorcelled Hiber |       |       |       |       |     1 |     1 ||     2
Invok: Minor Destruction |       |     4 |     3 |       |       |       ||     7
       Lesser Servant of |       |       |     1 |     2 |    16 |    23 ||    42
 Abil: Hop               |     5 |     3 |     2 |     9 |     8 |     3 ||    30
Evoke: Wand              |       |       |       |     1 |     3 |     4 ||     8
       Phantom mirror    |       |       |       |       |     1 |     1 ||     2
       Tin of tremorston |       |       |       |       |     1 |     1 ||     2
       Phial of floods   |       |       |       |       |       |     1 ||     1
  Use: Scroll            |     4 |       |    11 |    14 |    12 |     9 ||    50
       Potion            |       |     2 |       |     1 |     9 |    12 ||    24
Armor: Robe              |    31 |     1 |       |       |       |       ||    32
       Leather armour    |       |     4 |    20 |       |       |       ||    24
       Steam dragon scal |       |       |     8 |    18 |     1 |       ||    27
       Swamp dragon scal |       |       |       |       |    64 |    66 ||   130
       Ice dragon scales |       |       |       |       |    13 |       ||    13
       Skin              |       |       |       |       |    20 |    46 ||    66
Dodge: Dodged            |    53 |    23 |    20 |   148 |   223 |   117 ||   584
Block: Kite shield       |       |     2 |    44 |    93 |    44 |       ||   183
       Buckler           |       |       |       |       |    50 |       ||    50
       Tower shield      |       |       |       |       |    65 |   159 ||   224
